 Dungeon Crawl Stone Soup version 0.28-a0-773-g130ae17fe5 (webtiles) character file.

Game seed: 12154517049516592567

0 spiderkeys the Skirmisher (level 1, -4/22 HPs)
             Began as a Troll Abyssal Knight on Nov 1, 2021.
             Was a Follower of Lugonu.
             Slain by a harpy (shapeshifter) (14 damage)
             ... on level 2 of the Abyss.
             The game lasted 00:00:41 (128 turns).

spiderkeys the Skirmisher (Troll Abyssal Knight)     Turns: 128, Time: 00:00:42

Health: -4/22      AC:  3    Str: 20      XL:     1   Next: 0%
Magic:  0/0        EV: 10    Int:  5 (6)  God:    Lugonu [*.....]
Gold:   25         SH:  0    Dex: 10      Spells: 0/0 levels left

rFire   . . .      SeeInvis .     - Unarmed
rCold   . . .      Faith    .   (no shield)
rNeg    . . .      Spirit   .   a - +0 robe
rPois   .          Reflect  .   (helmet restricted)
rElec   .          Harm     .   (no cloak)
rCorr   .          Rampage  .   (gloves unavailable)
Will    .....                   (boots unavailable)
Stlth   +.........              (no amulet)
HPRegen 1.07/turn               (no ring)
MPRegen 0.07/turn               (no ring)

@: no status effects
A: large, unfitting armour, claws 3, regeneration 1, shaggy fur 1, tough skin 1,
deformed body, low mp 1
a: Renounce Religion, Depart the Abyss


You were on level 2 of the Abyss.
You worshipped Lugonu.
Lugonu was aware of your devotion.
You visited 0 branches of the dungeon, and saw 0 of its levels.
You visited the Abyss 1 time.

You collected 25 gold pieces.


Innate Abilities, Weirdness & Mutations

You are too large for most types of armour.
You have claws for hands.
Your natural rate of healing is unusually fast.
You are covered in fur. (AC +1)
You have tough skin. (AC +1)
Armour fits poorly on your strangely shaped body.
Your magical capacity is low. (-10% MP)


   Skills:
 + Level 2.4 Fighting
 + Level 1.9 Dodging
 + Level 2.0 Unarmed Combat
 + Level 1.5 Invocations


You couldn't memorise any spells.
You didn't know any spells.
Your spell library was empty.

Inventory:

Armour
 a - a +0 robe (worn)
Potions
 b - a potion of lignification {unknown}

Dungeon Overview and Level Annotations

Branches:
Dungeon (0/15)

Altars:

....# ..###...# .#.#
.X.#.##..##.#.#..
....x
.##X..X..#..##..#..#.#
.#..##.#X.##.#..#....#
.#.# #..#...###...#
###.. .#..l(#l.##### .
.
#..#.#...##..#....#...
#.#.#.z...#..###H....#
#.# ....# ##.
#@.#....# .#.#..#
###..##....#. #..#.#
#.. #...# . .## ....
##.# .. ...#. # ..
..#.... .## . ## ## #
#


You could see a harpy.


Message History

🤖 Initializing magus.rc ... ✅ Successfully initialized magus.rc [v1.9.10] Welcome, spiderkeys the Troll Abyssal Knight.
You feel drawn to the Orb of Zot, downwards into the unfathomable depths...
Lugonu says: Depart the Abyss and spread corruption, my servant! (use the ability menu to exit the Abyss) Press ? for a list of commands and other information.
Found a corrupted altar of Lugonu.
There is a corrupted altar of Lugonu here.
Found a gateway leading deeper into the Abyss.
Unknown command.
You enter the shallow water.
Moving in this stuff is going to be slow.
There is a gateway leading deeper into the Abyss here.
You plunge deeper into the Abyss.
You enter the shallow water.
Moving in this stuff is going to be slow.
You now have 25 gold pieces.
A death drake comes into view.
You see here 18 stones.
A thrashing horror comes into view.
The thrashing horror moves out of view.
A bone dragon comes into view.
You see here a fuming amethyst potion.
b - a fuming amethyst potion A spatial vortex comes into view.
The spatial vortex moves out of view.
A spatial vortex comes into view.
The spatial vortex moves out of view.
A spatial vortex comes into view.
A spatial vortex comes into view.
A tentacled starspawn comes into view.
A neqoxec comes into view.
The neqoxec shouts!
A spatial vortex comes into view.
Tentacles burst from the starspawn's body!
The spatial vortex moves out of view. 2 starspawn tentacles come into view.
The neqoxec gestures at you.
Strange energies course through your body.
You feel less energetic. 😎 MP[-1]
The neqoxec hits you! 😮 HP[-10]
You take 10 damage, and now have 12/22 hp.
MASSIVE DAMAGE!! (PAUSE)
You see here a scroll labelled SANOGUAQUR. 😮 HP[+1] Blink to where?
Press: ? - help, Dir - move target A komodo dragon comes into view.
As you read the scroll labelled SANOGUAQUR, it crumbles to dust.
It was a scroll of blinking. 😮 HP[+1]
The komodo dragon hisses angrily. 😮 HP[+1]
The neqoxec gestures at you.
Strange energies course through your body.
Your body twists and deforms. 😮 HP[+1]
The neqoxec gestures at you.
You feel dopey. Something feeds on your intellect!
A large abomination comes into view. 😕 HP[+1] 😕 HP[+2]
You regained 2 hp, and now have 19/22 hp. 😕 HP[+1] 😕 HP[+1] 😎 HP[+1]
Your hp is fully restored (22).
A wight comes into view. It is wielding a +3 great sword.
Unknown command.
You see here 3 atropa-tipped darts.
A harpy comes into view.
The harpy screeches!
A small abomination comes into view.
The harpy closely misses you. The harpy barely misses you.
The harpy screeches!
The harpy claws you!
Ouch! That really hurt!
* * * LOW HITPOINT WARNING * * *
The harpy claws you.
* * * LOW HITPOINT WARNING * * *
The harpy screeches!
The harpy claws you!
Ouch! That really hurt!
You die...

Action                   || total
-------------------------++-------
  Use: Scroll            ||     1
Dodge: Dodged            ||     2

Levels and vault maps discovered:
Abyss:2:  base:
Temple

Notes
Turn   | Place    | Note
-------+----------+-------------------------------------------
     0 | Abyss:1  | spiderkeys the Troll Abyssal Knight began the quest for the
                  | Orb.
     0 | Abyss:1  | Reached XP level 1. HP: 22/22 MP: 1/1
     0 | Abyss:1  | magus.rc [v1.9.10]
    49 | Abyss:2  | Noticed a death drake
    66 | Abyss:2  | Noticed a thrashing horror
    75 | Abyss:2  | Noticed a bone dragon
    79 | Abyss:2  | Noticed a spatial vortex
    80 | Abyss:2  | Noticed a spatial vortex
    81 | Abyss:2  | Noticed a spatial vortex
    82 | Abyss:2  | Noticed a spatial vortex
    99 | Abyss:2  | Noticed a tentacled starspawn
   100 | Abyss:2  | Noticed a neqoxec
   100 | Abyss:2  | Noticed a spatial vortex
   101 | Abyss:2  | Gained mutation: Your magical capacity is low. (-10% MP) [a
                  | neqoxec]
   105 | Abyss:2  | Noticed a komodo dragon
   107 | Abyss:2  | Gained mutation: Armour fits poorly on your strangely
                  | shaped body. [a neqoxec]
   108 | Abyss:2  | Noticed a large abomination
   117 | Abyss:2  | Noticed a wight
   124 | Abyss:2  | Noticed a harpy
   125 | Abyss:2  | Noticed a small abomination
   128 | Abyss:2  | Slain by a harpy (shapeshifter)

Vanquished Creatures (others)
  2 starspawn tentacles (Abyss:2)
2 creatures vanquished.

Table legend:
 A = Non-vault XP
 B = Vault XP
 C = Vault XP percentage of total XP
 D = Non-vault monster count
 E = Vault monster count
 F = Vault count percentage of total count
                 A         B        C        D         E       F
            +---------+---------+-------+---------+---------+-------
      Total |       0 |       0 |   N/A |       0 |       0 |  -nan
            +---------+---------+-------+---------+---------+-------
            +---------+---------+-------+---------+---------+-------

Illustrated notes

Table legend: (Time is in decaauts)
 A = Elapsed time spent in this place.
 B = Non-inter-level travel time spent in this place.
 C = Inter-level travel time spent in this place.
 D = Time resting spent in this place.
 E = Time spent auto-exploring this place.
 F = Levels seen in this place.
 G = Mean time per level.
                   A        B        C        D        E       F      G
               +--------+--------+--------+--------+--------+-----+--------+
         Total |    130 |    130 |      0 |      0 |     40 |   2 |   65.0 |
         Abyss |    130 |    130 |      0 |      0 |     40 |   2 |   65.0 |
               +--------+--------+--------+--------+--------+-----+--------+

Top non-repeatable levels by time:
 Abyss:2: 112 daAuts
 Abyss:1: 17 daAuts
